 Dungeon Crawl Stone Soup version 0.25-a0-1073-gf4359a17dd (webtiles) character file.

Game seed: 11249403092421784704, levelgen mode: deterministic

9202 kae the Basher (level 11, -2/92 HPs)
             Began as a Demonspawn Fighter on May 14, 2020.
             Was a Believer of Qazlal.
             Slain by a hippogriff (4 damage)
             ... on level 9 of the Dungeon.
             The game lasted 00:12:59 (12312 turns).

kae the Basher (Demonspawn Fighter)                Turns: 12312, Time: 00:12:59

Health: -2/92      AC:  0    Str: 20    XL:     11   Next: 19%
Magic:  11/11      EV:  7    Int: 16    God:    Qazlal [**....]
Gold:   353        SH: 17    Dex: 12    Spells: 10/10 levels left

rFire    . . .     SeeInvis +   b - +2 whip (flame)
rCold    . . .     Gourm    .   c - +0 kite shield
rNeg     + . .     Faith    .   u - +1 scale mail
rPois    .         Spirit   .   (helmet restricted)
rElec    .         Reflect  .   t - scarf {+Inv}
rCorr    .         Harm     .   (no gloves)
MR       .....                  (no boots)
Stlth    ..........             (no amulet)
HPRegen  0.25/turn              d - +6 ring of intelligence
MPRegen  0.12/turn              C - ring of see invisible

@: corroded
A: horns 1, large bone plates 2, negative energy resistance 1, powered by death
2, powered by pain 1
a: Upheaval, Renounce Religion, Evoke Invisibility


You were on level 9 of the Dungeon.
You worshipped Qazlal.
Qazlal was pleased with you.
You were very hungry.

You visited 2 branches of the dungeon, and saw 10 of its levels.

You collected 419 gold pieces.
You spent 66 gold pieces at shops.

Inventory:

Hand Weapons
 a - a +0 vampiric flail
 b - a +2 whip of flaming (weapon)
Armour
 c - a +0 kite shield (worn)
 t - a scarf of invisibility (worn)
 u - a +1 scale mail (worn)
 z - a +0 helmet
Jewellery
 d - a +6 ring of intelligence (left hand)
 q - an uncursed ring of flight
 v - an uncursed ring of ice
 w - an uncursed ring of ice
 C - a ring of see invisible (right hand)
 G - an uncursed ring of positive energy {unknown}
Wands
 i - a wand of acid (1)
 E - a wand of digging (5)
Scrolls
 h - 2 scrolls of remove curse
 j - 2 scrolls of amnesia
 l - a scroll of brand weapon
 p - 6 scrolls of identify
 y - a scroll of teleportation
 A - a scroll of enchant armour
 B - a scroll of magic mapping
Potions
 g - 2 potions of cancellation
 k - 2 potions of lignification
 m - 2 potions of stabbing
 n - 2 potions of resistance
 o - a potion of might
 r - 3 potions of haste
 s - 4 potions of curing
 x - a potion of flight
Comestibles
 f - 13 rations


   Skills:
 + Level 10.5 Fighting
 * Level 12.9 Maces & Flails
 - Level 2.6 Armour
 - Level 2.6 Shields


You had 10 spell levels left.
You didn't know any spells.
Your spell library was empty.

Dungeon Overview and Level Annotations

Branches:
Dungeon (9/15)             Temple (1/1) D:5
   Lair: D:8-11         Orc: D:9-12

Altars:
Ashenzari
Dithmenos
Elyvilon
Fedhas
Gozag
Hepliaklqana
Makhleb
Nemelex Xobeh
Okawaru
Qazlal
Ru
Sif Muna
Trog
Uskayaw
Vehumet
Wu Jian
Xom
Yredelemnul
Zin
The Shining One

Shops:
D:2 *   D:5 ?=

Annotations:
D:4 1 runed translucent door, Crazy Yiuf


Innate Abilities, Weirdness & Mutations

You have a pair of small horns on your head.
You are mostly covered in large bone plates. (SH +6)
You resist negative energy. (rN+)
You regenerate health from kills.
You sometimes gain a little power by taking damage.


Message History

The hippogriff bites you!
* * * LOW HITPOINT WARNING * * *
You block the hippogriff's attack. The hippogriff closely misses you.
You hit the hippogriff but do no damage.
The hippogriff is heavily wounded.
You block the hippogriff's attack. x3
You hit the hippogriff but do no damage.
The hippogriff is heavily wounded.
You hit the hippogriff but do no damage.
Your headbutt misses the hippogriff.
The hippogriff is heavily wounded.
The hippogriff bites you.
* * * LOW HITPOINT WARNING * * *
You block the hippogriff's attack. x2
You barely miss the hippogriff.
The hippogriff is heavily wounded.
You closely miss the hippogriff.
The hippogriff is heavily wounded.
You block the hippogriff's attack. x2; The hippogriff claws you.
You die...

.# ..# ### .#.##..#
.... .......#
#.#########...u.
#..............
#............#
#............# #
#............# .#
#...........@###.#
#.####..###.Hâ—‹...#
#.####..# #...<..#
#####...............^#
......##########.....#
......# #.....#
......# #.....#
......# +.....#
......# #.....#


You could see a hippogriff (corroded).

Vanquished Creatures
  A hydra (D:8)
  2 two-headed ogres
  An unseen horror (D:8)
  Pikel (D:7)
  An ugly thing (D:9)
  A komodo dragon (D:9)
  Maggie (D:7)
  A troll (D:9)
  2 dream sheep (D:8)
  2 hippogriffs (D:8)
  Sigmund (D:2)
  A vampire (D:9)
  2 yaks (D:8)
  2 hungry ghosts
  2 water moccasins
  An orc warrior (D:7)
  2 sky beasts
  A phantom (D:7)
  3 black bears
  5 ogres
  A centaur (D:5)
  A crocodile (D:7)
  4 big kobolds (D:8)
  5 bullfrogs
  A wyvern zombie (D:6)
  A scorpion (D:9)
  3 howler monkeys
  A jelly (D:5)
  3 crimson imps
  2 hounds
  5 orc priests
  5 orc wizards
  2 bullfrog skeletons
  A centaur skeleton (D:4)
  2 iguanas
  Jessica (D:2)
  Natasha (thrice) (D:2)
  12 worker ants
  2 hound zombies (D:8)
  A hound skeleton (D:4)
  8 gnolls (D:3)
  7 adders
  A river rat (D:6)
  4 shadow imps
  2 oozes
  An adder skeleton (D:5)
  An adder zombie (D:7)
  4 worms
  3 dart slugs
  3 leopard geckos
  20 orcs
  4 bats
  7 giant cockroaches
  8 hobgoblins
  4 jackals (D:1)
  A quokka (D:5)
  2 ball pythons (D:1)
  A ball python skeleton (D:5)
  5 frilled lizards
  7 goblins
  A jackal skeleton (D:4)
  A jackal zombie (D:5)
  9 kobolds
  A leopard gecko skeleton (D:5)
  2 quokka skeletons
  5 rats (D:1)
201 creatures vanquished.

Vanquished Creatures (others)
  4 plants
4 creatures vanquished.

Grand Total: 205 creatures vanquished

Notes
Turn   | Place    | Note
-------+----------+-------------------------------------------
     0 | D:1      | kae the Demonspawn Fighter began the quest for the Orb.
     0 | D:1      | Reached XP level 1. HP: 18/18 MP: 1/1
    79 | D:1      | Reached skill level 2 in Maces & Flails
   180 | D:1      | Gained mutation: You sometimes gain a little power by
                  | taking damage. [demonic ancestry]
   180 | D:1      | Reached XP level 2. HP: 18/24 MP: 2/2
   948 | D:1      | Reached XP level 3. HP: 29/29 MP: 3/3
  1271 | D:2      | Reached skill level 3 in Maces & Flails
  1312 | D:2      | Noticed Sigmund
  1339 | D:2      | Killed Sigmund
  1339 | D:2      | Reached skill level 4 in Maces & Flails
  1339 | D:2      | Reached XP level 4. HP: 8/37 MP: 4/4
  1339 | D:2      | Gained mutation: You are partially covered in large bone
                  | plates. (SH +4) [demonic ancestry]
  1339 | D:2      | Reached XP level 5. HP: 9/42 MP: 5/5
  1697 | D:2      | Noticed Natasha
  1708 | D:2      | Killed Natasha
  1823 | D:2      | Noticed Natasha
  1830 | D:2      | Killed Natasha
  1868 | D:2      | Noticed Natasha
  1877 | D:2      | Killed Natasha
  1877 | D:2      | Gained mutation: You are mostly covered in large bone
                  | plates. (SH +6) [demonic ancestry]
  1877 | D:2      | Reached XP level 6. HP: 36/49 MP: 6/6
  2158 | D:2      | Noticed Jessica
  2175 | D:2      | Killed Jessica
  2175 | D:2      | Reached skill level 5 in Maces & Flails
  2331 | D:2      | Found Gozag's Platinum Reserve.
  2450 | D:2      | Found an opulent altar of Gozag.
  2543 | D:2      | Found a burning altar of Makhleb.
  2543 | D:2      | Noticed an Executioner
  2546 | D:2      | Noticed a ynoxinul
  2546 | D:2      | Noticed a smoke demon
  3047 | D:3      | Found a shimmering altar of Xom.
  3047 | D:3      | Found a shimmering altar of Xom.
  3047 | D:3      | Found a shimmering altar of Xom.
  3048 | D:3      | Found a shimmering altar of Xom.
  3090 | D:3      | Found a faded altar of an unknown god.
  3440 | D:3      | Found a white marble altar of Elyvilon.
  3934 | D:3      | HP: 2/50 [orc wizard/+1 dagger of draining (1)]
  3939 | D:3      | Reached skill level 5 in Fighting
  4604 | D:4      | Found a blossoming altar of Fedhas.
  4727 | D:4      | Gained mutation: You regenerate a little health from kills.
                  | [demonic ancestry]
  4727 | D:4      | Reached XP level 7. HP: 40/56 MP: 7/7
  4914 | D:4      | Found a basalt altar of Yredelemnul.
  5112 | D:4      | Found a runed translucent door.
  5113 | D:4      | Noticed Crazy Yiuf
  5157 | D:4      | Reached skill level 6 in Maces & Flails
  5432 | D:5      | Entered Level 5 of the Dungeon
  5689 | D:5      | Found Ratryck's Jewellery Shop.
  5730 | D:5      | Found a shadowy altar of Dithmenos.
  5783 | D:5      | Found Naixeuh's Magic Scroll Shop.
  5890 | D:5      | Bought a scroll of identify for 22 gold pieces
  5890 | D:5      | Bought a scroll of identify for 22 gold pieces
  5890 | D:5      | Bought a scroll of identify for 22 gold pieces
  6048 | D:5      | Noticed a two-headed ogre
  6363 | D:5      | Reached skill level 7 in Maces & Flails
  6467 | D:5      | Found a staircase to the Ecumenical Temple.
  6498 | D:5      | Reached XP level 8. HP: 52/64 MP: 8/8
  6517 | Temple   | Entered the Ecumenical Temple
  6745 | Temple   | Became a worshipper of Qazlal Stormbringer
  7272 | D:6      | Reached skill level 8 in Maces & Flails
  7580 | D:6      | Found an opulent altar of Gozag.
  7760 | D:6      | Found a glowing golden altar of the Shining One.
  7841 | D:6      | Reached skill level 9 in Maces & Flails
  7897 | D:6      | Reached * piety under Qazlal
  7897 | D:6      | Gained mutation: You regenerate health from kills. [demonic
                  | ancestry]
  7897 | D:6      | Reached XP level 9. HP: 72/72 MP: 9/9
  8062 | D:7      | Noticed Pikel
  8092 | D:7      | Killed Pikel
  8853 | D:7      | Found a shimmering blue altar of Sif Muna.
  8871 | D:7      | Noticed Maggie
  8897 | D:7      | Killed Maggie
  8897 | D:7      | Reached skill level 10 in Maces & Flails
  9219 | D:8      | Noticed a two-headed ogre
  9220 | D:8      | Found a glowing silver altar of Zin.
  9980 | D:8      | Killed a two-headed ogre
  9980 | D:8      | Reached skill level 11 in Maces & Flails
  9980 | D:8      | Gained mutation: You resist negative energy. (rN+) [demonic
                  | ancestry]
  9980 | D:8      | Reached XP level 10. HP: 58/83 MP: 10/10
 10277 | D:8      | Noticed an unseen horror
 10294 | D:8      | Killed an unseen horror
 10841 | D:8      | Reached ** piety under Qazlal
 11060 | D:8      | Noticed a two-headed hydra
 11075 | D:8      | Killed a two-headed hydra
 11075 | D:8      | Reached skill level 10 in Fighting
 11075 | D:8      | Reached skill level 12 in Maces & Flails
 11457 | D:9      | Noticed a two-headed ogre
 11463 | D:9      | Killed a two-headed ogre
 11463 | D:9      | Gained mutation: You have a pair of small horns on your
                  | head. [demonic ancestry]
 11463 | D:9      | Reached XP level 11. HP: 57/91 MP: 11/11
 11953 | D:9      | Noticed a brown ugly thing
 12300 | D:9      | Killed a brown ugly thing
 12301 | D:9      | HP: 2/92 [hippogriff (7)]
 12307 | D:9      | HP: 2/92 [hippogriff (10)]
 12312 | D:9      | Slain by a hippogriff

Illustrated notes

Levels and vault maps discovered:
D:1:      heliophobic_arrival_enchanted_forest, layout_basic
D:2:      layout_basic, makhleb_altar_promises_db,
          nicolae_gozag_zags_fifth_avenue, uniq_sigmund, uniq_natasha,
          uniq_jessica
D:3:      layout_loops_ring, old_standard_altar,
          chequers_ecumenical_altar_island, xom_redecorated
D:4:      layout_loops_ring, yredelemnul_altar_generic, fedhas_altar_1,
          uniq_crazy_yiuf_cottage
D:5:      layout_basic, kennysheep_mini_moat,
          minmay_temple_entry_statues_fountains, serial_shops,
          nicolae_shop_temple_entry_statues_fountains, shop_fountains,
          first_ration
D:6:      layout_rooms, kennysheep_little_box, gup_sewer_entry_bowl, basic_altar
D:7:      layout_basic, lemuel_blue_sif_altar, uniq_maggie, uniq_pikel
D:8:      layout_cave_pools, nicolae_overflow_hidden_temple, hangedman_ranch
          [blue_anna_fruit_fields], st_stairs_11, minmay_ruined_shrine
D:9:      layout_stronghold, slow_altar_2, david_lair_shrubbed,
          minmay_diced_spiral
Temple:   eino_temple_water

Skill      XL: |  1  2  3  4  5  6  7  8  9 10 |
---------------+-------------------------------+-----
Maces & Flails | 2 4 5 7 9 11 12 | 12.9
Fighting       | 4 5 6 7 9 10 | 10.5
Armour         | |  2.6
Shields        | |  2.6

Action                   |  1- 3 |  4- 6 |  7- 9 | 10-12 || total
-------------------------+-------+-------+-------+-------++-------
Melee: Flail             |   125 |   217 |   354 |       ||   696
       Whip              |       |       |   137 |   329 ||   466
       Headbutt          |       |       |       |    38 ||    38
Invok: Upheaval          |       |       |       |     2 ||     2
Evoke: Wand              |       |       |     3 |     5 ||     8
  Use: Potion            |     3 |     3 |     1 |     3 ||    10
       Scroll            |       |    11 |     9 |     4 ||    24
  Eat: Chunk             |     1 |    11 |    15 |     5 ||    32
       Ration            |       |       |     1 |     1 ||     2
Armor: Scale mail        |    49 |    43 |    91 |    40 ||   223
       Skin              |     4 |       |    18 |       ||    22
Dodge: Dodged            |    29 |    45 |    73 |    39 ||   186
Block: Kite shield       |    69 |   176 |   282 |   188 ||   715

Table legend:
 A = Non-vault XP
 B = Vault XP
 C = Vault XP percentage of total XP
 D = Non-vault monster count
 E = Vault monster count
 F = Vault count percentage of total count
                 A         B        C        D         E       F
            +---------+---------+-------+---------+---------+-------
      Total |    8196 |    4951 |  37.7 |     176 |      25 |  12.4
            +---------+---------+-------+---------+---------+-------
        D:1 |      48 |       0 |   0.0 |      28 |       0 |   0.0
        D:2 |     121 |     292 |  70.7 |      14 |       3 |  17.6
        D:3 |     189 |       0 |   0.0 |      22 |       0 |   0.0
        D:4 |     226 |       0 |   0.0 |      14 |       0 |   0.0
        D:5 |     839 |       0 |   0.0 |      26 |       0 |   0.0
        D:6 |    1109 |      18 |   1.6 |      22 |       3 |  12.0
        D:7 |     548 |    1314 |  70.6 |       6 |       6 |  50.0
        D:8 |    2188 |    2949 |  57.4 |      22 |      12 |  35.3
        D:9 |    2928 |     378 |  11.4 |      22 |       1 |   4.3
            +---------+---------+-------+---------+---------+-------
